General information
- name: BNet
- type: Ladder team game (AT/RT)
- host: Battle.net
- saver: Nsyncbyebyebye
map: Goldshire
- players: 4
- length: 56:41
- speed: Fast
- version: 1.24 W3XP
- replay type: Public
» download(203 KB)
Players
team 1 (winner)

»
Nsyncbyebyebye (
red | 54 APM | 3083 actions | 56:41)
7 Death Knight
3 Death Coil
3 Unholy Aura
1 Animate Dead
5 Lich
3 Frost Nova
2 Dark Ritual
» actions
| Assign group hotkey | 56 | |
| Basic commands | 63 | |
| Build / train | 92 | |
| ESC pressed | 10 | |
| Enter build submenu | 33 | |
| Enter hero's abilities submenu | 12 | |
| Give item / drop item | 38 | |
| Right click | 1596 | |
| Select / deselect | 528 | |
| Select group hotkey | 382 | |
| Use ability | 273 | |
3083 total
» units
| Acolyte | 18 | |
| Ghoul | 1 | |
| Crypt Fiend | 10 | |
| Obsidian Statue | 4 | |
| Goblin Shredder | 1 | |
| Goblin Zeppelin | 1 | |
| Frost Wyrm | 1 | |
| Meatwagon | 2 | |
| Goblin Sapper | 6 | |
44 total
» upgrades
| Creature Attack | 3 | |
| Web | 1 | |
| Creature Carapace | 3 | |
| Burrow | 1 | |
| Freezing Breath | 1 | |
| Unholy Strength | 2 | |
| Unholy Armor | 2 | |
| Disease Cloud | 1 | |
14 total
» buildings
| Graveyard | 2 | |
| Crypt | 1 | |
| Altar of Darkness | 1 | |
| Ziggurat | 12 | |
| Tomb of Relics | 4 | |
| Nerubian Tower | 5 | |
| Halls of the Dead | 1 | |
| Black Citadel | 1 | |
| Slaughterhouse | 1 | |
| Sacrificial Pit | 1 | |
| Boneyard | 2 | |
| Necropolis | 3 | |
34 total
» build order
00:09 Graveyard
00:13 Graveyard
00:17 Crypt
00:33 Altar of Darkness
00:50 Ziggurat
01:08 Tomb of Relics
02:02 Ziggurat
02:38 Nerubian Tower
03:20 Ziggurat
03:21 Ziggurat
04:24 Halls of the Dead
05:21 Ziggurat
07:39 Black Citadel
08:41 Slaughterhouse
09:57 Sacrificial Pit
10:49 Boneyard
11:13 Ziggurat
11:15 Ziggurat
11:22 Boneyard
11:26 Ziggurat
17:22 Necropolis
17:42 Necropolis
18:30 Necropolis
19:29 Tomb of Relics
19:30 Ziggurat
19:31 Ziggurat
21:56 Ziggurat
21:56 Tomb of Relics
22:00 Ziggurat
22:01 Tomb of Relics
24:05 Nerubian Tower
25:16 Nerubian Tower
25:21 Nerubian Tower
25:24 Nerubian Tower
» items
| Rod of Necromancy | 4 | |
| Dust of Appearance | 1 | |
| Orb of Corruption | 1 | |
| Boots of Speed | 2 | |
| Moonstone | 2 | |
| Circlet of Nobility | 2 | |
12 total

»
om98029 (
teal | 52 APM | 2440 actions | 47:17)
5 Priestess of the Moon
1 Searing Arrows
3 Trueshot Aura
1 Scout
3 Pandaren Brewmaster
2 Breath of Fire
1 Drunken Brawler
» actions
| Assign group hotkey | 73 | |
| Basic commands | 101 | |
| Build / train | 105 | |
| Enter build submenu | 54 | |
| Enter hero's abilities submenu | 8 | |
| Give item / drop item | 17 | |
| Remove unit from queue | 2 | |
| Right click | 1012 | |
| Select / deselect | 557 | |
| Select group hotkey | 341 | |
| Use ability | 169 | |
2440 total
» units
| Wisp | 24 | |
| Huntress | 10 | |
| Goblin Sapper | 10 | |
| Goblin Shredder | 2 | |
| Chimaera | 2 | |
| Glaive Thrower | 2 | |
| Goblin Zeppelin | 2 | |
52 total
» upgrades
| Ultravision | 1 | |
| Strength of the Moon | 1 | |
| Sentinel | 1 | |
| Nature's Blessing | 1 | |
| Corrosive Breath | 1 | |
| Strength of the Wild | 3 | |
| Well Spring | 1 | |
| Reinforced Hides | 3 | |
| Upgrade Moon Glaive | 1 | |
| Marksmanship | 1 | |
| Vorpal Blades | 1 | |
| Improved Bows | 1 | |
| Druid of the Talon Training | 1 | |
| Hippogryph Taming | 1 | |
18 total
» buildings
| Moon Well | 35 | |
| Altar of Elders | 1 | |
| Hunter's Hall | 2 | |
| Ancient of War | 2 | |
| Tree of Life | 2 | |
| Tree of Ages | 4 | |
| Tree of Eternity | 1 | |
| Ancient of Wonders | 2 | |
| Ancient of Wind | 1 | |
| Chimaera Roost | 4 | |
| Ancient Protector | 1 | |
55 total
» build order
00:18 Moon Well
00:21 Altar of Elders
01:29 Hunter's Hall
01:56 Ancient of War
02:04 Ancient of War
02:19 Moon Well
04:42 Moon Well
04:44 Moon Well
05:42 Tree of Life
10:31 Tree of Ages
12:36 Moon Well
12:37 Moon Well
12:37 Moon Well
12:38 Moon Well
12:45 Tree of Ages
12:45 Tree of Ages
15:09 Tree of Eternity
16:17 Ancient of Wonders
16:17 Ancient of Wonders
16:50 Ancient of Wind
18:32 Tree of Life
18:44 Chimaera Roost
18:44 Chimaera Roost
23:04 Chimaera Roost
23:05 Chimaera Roost
24:24 Hunter's Hall
26:20 Ancient Protector
28:54 Moon Well
28:55 Moon Well
29:02 Moon Well
29:03 Moon Well
29:07 Moon Well
29:10 Moon Well
29:34 Moon Well
29:35 Moon Well
29:56 Moon Well
30:03 Moon Well
30:07 Moon Well
30:12 Moon Well
30:17 Moon Well
30:22 Moon Well
30:28 Moon Well
30:33 Moon Well
32:41 Moon Well
32:41 Moon Well
32:42 Moon Well
32:43 Moon Well
32:45 Moon Well
32:45 Moon Well
32:46 Moon Well
32:46 Moon Well
32:46 Moon Well
32:47 Moon Well
32:48 Moon Well
» items
| Dust of Appearance | 1 | |
| Orb of Venom | 1 | |
| Anti-magic Potion | 1 | |
| Potion of Mana | 1 | |
| Potion of Healing | 1 | |
| Boots of Speed | 2 | |
| Circlet of Nobility | 5 | |
| Potion of Lesser Invulnerability | 2 | |
| Potion of Invisibility | 1 | |
| Staff of Teleportation | 1 | |
16 total
team 2 (loser)
Dark_Zergling (
blue | 21 APM | 1198 actions | 56:39)
3 Archmage
2 Summon Water Elemental
1 Brilliance Aura
1 Mountain King
1 Storm Bolt
» actions
| Assign group hotkey | 24 | |
| Basic commands | 13 | |
| Build / train | 37 | |
| ESC pressed | 5 | |
| Enter build submenu | 29 | |
| Enter hero's abilities submenu | 4 | |
| Right click | 503 | |
| Select / deselect | 402 | |
| Select group hotkey | 133 | |
| Use ability | 48 | |
1198 total
» units
| Peasant | 12 | |
| Footman | 10 | |
| Priest | 2 | |
| Sorceress | 2 | |
26 total
» upgrades
» buildings
| Farm | 11 | |
| Altar of Kings | 1 | |
| Barracks | 1 | |
| Scout Tower | 1 | |
| Arcane Tower | 1 | |
| Keep | 1 | |
| Arcane Vault | 1 | |
| Arcane Sanctum | 2 | |
19 total
» build order
00:09 Farm
00:10 Altar of Kings
00:22 Barracks
00:52 Farm
01:39 Farm
02:01 Scout Tower
02:38 Arcane Tower
03:04 Farm
03:23 Keep
03:40 Arcane Vault
04:16 Farm
05:02 Farm
05:28 Farm
06:08 Arcane Sanctum
06:10 Arcane Sanctum
06:19 Farm
09:56 Farm
10:17 Farm
11:15 Farm
» items
| Scroll of Regeneration | 1 | |
| Potion of Healing | 1 | |
2 total
Destroyer5553 (
purple | 37 APM | 2106 actions | 56:39)
2 Blademaster
1 Wind Walk
1 Critical Strike
1 Shadow Hunter
1 Hex
» actions
| Assign group hotkey | 3 | |
| Basic commands | 4 | |
| Build / train | 83 | |
| Enter build submenu | 49 | |
| Enter hero's abilities submenu | 3 | |
| Remove unit from queue | 3 | |
| Right click | 1255 | |
| Select / deselect | 589 | |
| Use ability | 117 | |
2106 total
» units
| Peon | 11 | |
| Grunt | 9 | |
| Raider | 4 | |
| Troll Headhunter/Berserker | 37 | |
| Demolisher | 2 | |
63 total
» upgrades
| Pillage | 1 | |
| Berserker Strength | 1 | |
| Ensnare | 1 | |
| Armor | 1 | |
| Ranged Weapons | 1 | |
| Berserker Upgrade | 1 | |
| Spiked Barricades | 1 | |
| Reinforced Defenses | 1 | |
8 total
» buildings
| Altar of Storms | 1 | |
| Orc Burrow | 13 | |
| Barracks | 1 | |
| Voodoo Lounge | 1 | |
| Stronghold | 1 | |
| War Mill | 1 | |
| Beastiary | 1 | |
| Watch Tower | 16 | |
| Fortress | 1 | |
36 total
» build order
00:14 Altar of Storms
00:25 Orc Burrow
00:45 Barracks
01:37 Orc Burrow
02:06 Voodoo Lounge
02:44 Orc Burrow
03:25 Stronghold
04:41 War Mill
06:03 Beastiary
06:11 Orc Burrow
10:27 Watch Tower
10:52 Watch Tower
10:54 Watch Tower
10:57 Watch Tower
11:02 Watch Tower
11:12 Orc Burrow
11:17 Orc Burrow
12:32 Orc Burrow
12:46 Orc Burrow
13:40 Orc Burrow
15:25 Orc Burrow
18:31 Watch Tower
18:37 Watch Tower
18:41 Watch Tower
20:27 Watch Tower
21:08 Watch Tower
21:13 Watch Tower
21:51 Watch Tower
22:39 Fortress
24:05 Watch Tower
24:12 Watch Tower
25:42 Watch Tower
25:56 Orc Burrow
26:51 Orc Burrow
27:46 Orc Burrow
34:00 Watch Tower
» items
| Healing Salve | 1 | |
| Lesser Clarity Potion | 1 | |
2 total
Chat log
(00:04 / Allies) Nsyncbyebyebye: cut
(00:44 / Allies) Nsyncbyebyebye: what if they proto lol
(00:53 / Allies) om98029: barracks
(00:55 / Allies) om98029: dont worry about it
(00:57 / Allies) Nsyncbyebyebye: k
(01:15 / Allies) om98029: farm adjacent to main?
(01:20 / Allies) Nsyncbyebyebye: tya
(01:28 / Allies) Nsyncbyebyebye: no
(01:30 / Allies) Nsyncbyebyebye: its wide open
(01:30 / Allies) Nsyncbyebyebye: rofl
(01:55 / Allies) Nsyncbyebyebye: go harass their creep
(01:59 / Allies) Nsyncbyebyebye: hu seems eagyer oetcldruedrpa
(02:04 / Allies) Nsyncbyebyebye: eager to creep
(02:25 / Allies) Nsyncbyebyebye: can i haev 100 gold for skelly rod
(02:26 / Allies) Nsyncbyebyebye: 80
(02:27 / Allies) Nsyncbyebyebye: 70
(02:28 / Allies) Nsyncbyebyebye: nvm
(02:33 / Allies) Nsyncbyebyebye: w/e
(03:59 / Allies) Nsyncbyebyebye: defend my town
(04:05 / Allies) Nsyncbyebyebye: res for tech
(05:34 / Allies) Nsyncbyebyebye: expo our expo
(06:13 / Allies) Nsyncbyebyebye: omw
(06:22 / Allies) Nsyncbyebyebye: care
(08:26 / All) Nsyncbyebyebye: easy rape
(08:28 / All) Nsyncbyebyebye: yawnz
(08:37 / Allies) Nsyncbyebyebye: wood
(09:10 / Allies) Nsyncbyebyebye: mvoe in
(09:11 / Allies) Nsyncbyebyebye: in
(09:20 / All) Nsyncbyebyebye: easy rape
(09:21 / All) Nsyncbyebyebye: yawnz
(09:26 / All) Nsyncbyebyebye: u lost
(09:28 / All) Nsyncbyebyebye: bye bye bye
(09:31 / Allies) Nsyncbyebyebye: wood me
(09:33 / All) Destroyer5553: lol yea?
(09:41 / All) om98029: im not even playing right now
(09:44 / All) om98029: my dog is playing for me
(10:23 / All) Nsyncbyebyebye: go back to starcraft
(10:27 / All) Nsyncbyebyebye: i heard you dont have to micro in that game
(10:28 / All) Nsyncbyebyebye: noobs
(10:39 / All) Destroyer5553: lol since mass fiends requires micro
(10:54 / Allies) om98029: hes hiding towers?
(10:57 / Allies) Nsyncbyebyebye: dont attack the orc
(11:02 / Allies) Nsyncbyebyebye: lets let them think about their mistakes
(11:07 / Allies) Nsyncbyebyebye: any more wood?
(11:07 / Allies) om98029: lol
(11:46 / Allies) om98029: lets cerep soem reds
(12:09 / Allies) om98029: why is he pinging a house
(12:10 / Allies) om98029: fucking stupid
(12:19 / Allies) om98029: im getting a panda
(12:43 / Allies) om98029: eventually anyway
(12:58 / Allies) om98029: i accidentally cancelled my tech justn ow
(12:59 / Allies) om98029: oops
(13:03 / Allies) om98029: itll be a hwile longer on that panda
(13:16 / Allies) Nsyncbyebyebye: stay at 50
(13:18 / Allies) Nsyncbyebyebye: i havent broken yet
(13:57 / Allies) om98029: these guys are full on retarded
(15:38 / Allies) om98029: he must know we can seet hose pings
(16:14 / Allies) om98029: no more creeps
(16:45 / Allies) om98029: now what
(16:48 / Allies) Nsyncbyebyebye: lets sit
(17:00 / Allies) Nsyncbyebyebye: let him figure outw e arent going to attack
(17:28 / Allies) om98029: he is pinging a trash heap
(17:30 / Allies) om98029: ...
(17:57 / Allies) Nsyncbyebyebye: rofl hes making units now
(18:26 / Allies) Nsyncbyebyebye: u take that one
(19:00 / Allies) om98029: we could sap his main
(19:06 / Allies) om98029: but i hae no wood for sappers
(19:08 / Allies) om98029: its 100 per
(20:04 / Allies) om98029: good lord
(20:23 / Allies) Nsyncbyebyebye: oh youre gonna try it all at once?
(20:28 / Allies) Nsyncbyebyebye: yeah save up some more
(20:33 / Allies) Nsyncbyebyebye: nvm
(20:59 / All) Nsyncbyebyebye: you live in shit town
(21:01 / All) Nsyncbyebyebye: dotn try to move out
(21:02 / All) Nsyncbyebyebye: ok?
(21:16 / All) Destroyer5553: okay bruh
(21:18 / Allies) om98029: ill send an owl to stare at him
(21:21 / All) Dark_Zergling: are u black r something cuz that made no sense
(21:31 / Allies) om98029: make a frost wyrm so i can make six doubles and send them all in
(21:38 / Allies) Nsyncbyebyebye: but im at 50 food
(21:45 / Allies) om98029: forget it then
(21:49 / Allies) Nsyncbyebyebye: nah im makign one
(22:05 / Allies) om98029: why is htere only one sapper shop
(22:06 / Allies) om98029: what nonsense
(22:13 / Allies) Nsyncbyebyebye: he isnt reviving his bitch
(22:19 / Allies) Nsyncbyebyebye: the human has a single peon
(22:37 / All) Nsyncbyebyebye: tax day
(22:42 / All) Nsyncbyebyebye: in shit town
(22:43 / Allies) om98029: lol
(22:51 / All) Dark_Zergling: u know nothing of obeying the law nigger
(23:06 / All) Destroyer5553: you never pay taxes you just mooch off the government
(23:09 / All) Nsyncbyebyebye: you pay taxes to a nigger
(23:11 / All) Nsyncbyebyebye: in this game
(23:12 / All) Dark_Zergling: and us white people
(23:13 / All) Nsyncbyebyebye: just like in real life
(23:55 / Allies) om98029: lol
(23:56 / Allies) Nsyncbyebyebye: lol
(24:08 / Allies) om98029: u can kill it now if u want
(24:13 / Allies) om98029: im at 50
(24:21 / All) Dark_Zergling: actually obama is a textbook wigger cuz hes half white n what not
(24:25 / All) Nsyncbyebyebye: time to rage pull
(24:36 / All) Dark_Zergling: ur jerkin it to warcraft?
(24:44 / All) Destroyer5553: noooo
(24:52 / All) Destroyer5553: not my burrow
(25:26 / Allies) Nsyncbyebyebye: oh you meant my wyrm
(25:30 / Allies) Nsyncbyebyebye: nah idc about upkeep
(25:47 / Allies) Nsyncbyebyebye: yeah sap him more
(25:57 / Allies) om98029: too bad it only grows one sapper a century
(26:35 / Allies) om98029: what third hero should i get
(26:39 / Allies) Nsyncbyebyebye: idk
(28:10 / Allies) om98029: a melee wall
(28:30 / Allies) Nsyncbyebyebye: make a bunch of wells near here
(28:31 / Allies) om98029: u should fill up on circlets or something
(28:38 / Allies) om98029: if youre going to go on dangerous excursions
(31:26 / Allies) Nsyncbyebyebye: more sapper are up
(31:39 / Allies) om98029: im not going again until i have 5
(32:54 / Allies) Nsyncbyebyebye: we coult put a siege
(32:54 / Allies) Nsyncbyebyebye: ehre
(33:04 / Allies) Nsyncbyebyebye: im gonna do it
(33:45 / Allies) Nsyncbyebyebye: if you revive a dead huntress
(33:49 / Allies) Nsyncbyebyebye: does it get a new thing
(33:51 / Allies) Nsyncbyebyebye: a new sentry
(33:53 / Allies) om98029: idk
(34:26 / Allies) om98029: lol
(34:28 / Allies) Nsyncbyebyebye: disease cloud rofl
(34:59 / Allies) Nsyncbyebyebye: k lets wait on the sappers now
(36:54 / Allies) Nsyncbyebyebye: dont attk him
(36:55 / Allies) Nsyncbyebyebye: fromt hat spot
(37:19 / Allies) om98029: haw
(37:31 / Allies) Nsyncbyebyebye: sap him soon
(37:51 / Allies) om98029: yeah
(37:52 / Allies) om98029: lol
(37:56 / Allies) Nsyncbyebyebye: we have 5
(37:57 / Allies) Nsyncbyebyebye: go
(37:58 / Allies) Nsyncbyebyebye: sappers
(38:13 / Allies) om98029: wait up for mine
(38:58 / Allies) om98029: oops ur shade
(38:59 / Allies) om98029: lol
(39:25 / Allies) Nsyncbyebyebye: lol
(39:26 / Allies) Nsyncbyebyebye: watch this
(39:34 / All) Nsyncbyebyebye: retard
(40:31 / Allies) om98029: u should send in the zeppelin full of siege for him to kill
(40:34 / Allies) om98029: since we dont awnt to use it anyway
(40:49 / Allies) Nsyncbyebyebye: he gets to kill nothing
(40:56 / Allies) om98029: we could perch vs them
(41:00 / Allies) Nsyncbyebyebye: yeah right
(41:03 / Allies) om98029: by clearing that out
(41:10 / All) Nsyncbyebyebye: tax day
(42:20 / All) Nsyncbyebyebye: for more replays like this go to http://highper.ch
(42:32 / Allies) Nsyncbyebyebye: finalyl level 3
(43:12 / Allies) om98029: so are we sending in the seige to die or not
(43:17 / Allies) Nsyncbyebyebye: no
(43:41 / Allies) om98029: theres a narrow ledge you can stand on up there
(43:41 / Allies) Nsyncbyebyebye: u can if u want to
(43:50 / Allies) Nsyncbyebyebye: yea
(43:51 / Allies) Nsyncbyebyebye: clear it
(43:53 / Allies) Nsyncbyebyebye: ill put dk up there
(43:58 / Allies) Nsyncbyebyebye: and they wont be able to shoot him
(44:51 / Allies) om98029: rofl
(45:35 / Allies) om98029: lol
(45:43 / Allies) om98029: i could put panda up there
(45:49 / Allies) Nsyncbyebyebye: i put disease cloud
(45:50 / Allies) Nsyncbyebyebye: bck on that side
(46:01 / Allies) om98029: it died
(46:06 / Allies) om98029: we need a new disease pult
(46:07 / Allies) Nsyncbyebyebye: yea ill make a new one
(46:20 / All) Nsyncbyebyebye: i shit on you from on high
(46:24 / All) Nsyncbyebyebye: you wait for the next shit
(46:36 / Allies) Nsyncbyebyebye: im outa mana
(47:10 / Allies) om98029: did u make another meat wagon?
(53:54 / All) Nsyncbyebyebye: no leavin gshit town
(54:16 / All) Nsyncbyebyebye: pay your fucking taxes
(54:19 / All) Nsyncbyebyebye: youve not paid enough